 Dungeon Crawl Stone Soup version 0.30-a0-54-g2e61a25929 (webtiles) character file.

Game seed: 4586079813167102581

158 frimble the Shooter (level 5, -1/61 HPs)
             Began as a Demonspawn Arcane Marksman on Sept 7, 2022.
             Slain by Pikel
             ... wielding a +2 whip of freezing
              (2 damage)
             ... on level 5 of the Dungeon.
             The game lasted 00:06:44 (3545 turns).

frimble the Shooter (Demonspawn Arcane Marksman)    Turns: 3545, Time: 00:06:44

Health: -1/61      AC: 26    Str: 11    XL:     5   Next: 16%
Magic:  6/6        EV:  2    Int: 14    God:
Gold:   189        SH:  5    Dex: 17    Spells: 5/6 levels left

rFire   . . .      SeeInvis +    a - +1 sling (vorpal)
rCold   . . .      Faith    .    (no shield)
rNeg    . . .      Spirit   .    (body armour currently unavailable)
rPois   +          Reflect  +    (helmet currently unavailable)
rElec   .          Harm     .    (cloak currently unavailable)
rCorr   .          Rampage  .    (gloves currently unavailable)
Will    .....      NoTele   +    (boots currently unavailable)
Stlth   +++.......               g - amulet of reflection
HPRegen 0.20/turn                j - +4 ring of protection
MPRegen 0.10/turn                m - ring of see invisible

@: mighty, tree-form (expiring), studying Long Blades
A: stationary, stasis, torment immunity, boosted hp, (claws 1), thin skeletal
structure 1, ignite blood 1
a: no special abilities


You were on level 5 of the Dungeon.
You were a tree.
You visited 1 branch of the dungeon, and saw 5 of its levels.

You collected 189 gold pieces.

Inventory:

Hand Weapons
 a - a +1 vorpal sling (weapon)
Armour
 b - a +0 ring mail (melded)
Jewellery
 e - an amulet of magic regeneration
 f - a ring of willpower
 g - an amulet of reflection (around neck)
 j - a +4 ring of protection (left branch)
 m - a ring of see invisible (right branch)
 o - a ring of fire
Wands
 c - a wand of polymorph (2)
Scrolls
 r - a scroll of poison
Potions
 d - a potion of flight
 h - a potion of lignification


   Skills:
 + Level 3.6 Fighting
 + Level 3.6 Ranged Weapons
 - Level 1.7 Dodging
 - Level 1.0 Spellcasting
 - Level 3.0 Hexes


You had 5 spell levels left.
You knew the following spells:

 Your Spells              Type           Power      Damage    Failure   Level
a - Slow                  Hex            36%        N/A       8%          1

Your spell library contained the following spells:

 Spells                   Type           Power      Damage    Failure   Level
 Scorch                   Fire           0%         2d5       36%         2
 Sublimation of Blood     Necr           0%         N/A       36%         2
 Inner Flame              Hex/Fire       4%         N/A       38%         3
 Portal Projectile        Hex/Tloc       8%         N/A       38%         3
 Cause Fear               Hex            4%         N/A       58%         4
 Flame Wave               Conj/Fire      0%         2d4       95%         4
 Petrify                  Tmut/Erth      0%         N/A       95%         4
 Irradiate                Conj/Tmut      0%         3d11      100%        5
 Summon Cactus Giant      Summ           0%         N/A       100%        6


Dungeon Overview and Level Annotations

Branches:
Dungeon (5/15)
 Temple: D:4-7

Altars:

Shops:
D:1 (

Annotations:
D:4 1 runed translucent door, Juicyj's ghost, amateur GnNe
D:5 Pikel


Innate Abilities, Weirdness & Mutations

You are a tree.
Your roots penetrate the ground, keeping you stationary.
You cannot be teleported.
You are immune to unholy pain and torment.
Your maximum health is greatly increased.
Your equipment is partially melded.
((You have sharp fingernails.))
You have a somewhat thin skeletal structure. (Dex +2, Stealth+)
Your demonic aura sometimes causes spilled blood to erupt in flames.


Message History

You shoot a sling bullet.
The sling bullet completely misses Pikel.
The sling bullet hits the lemure.
The lemure is almost dead.
Pikel barely misses you.
Pikel hits you with a +2 whip of freezing.
Pikel freezes you.
Fire: a) +1 sling (vorpal)
Press: ? - help, Q - select action, (/) - cycle Shift-Dir - straight line, f/p - Pikel
Aim: Pikel, wielding a +2 whip of freezing and wearing a +0 robe (heavily wounded, 53% to hit)
You shoot a sling bullet. The sling bullet barely misses Pikel.
The sling bullet barely misses the lemure.
Pikel hits you with a +2 whip of freezing.
Pikel freezes you.
* * * LOW HITPOINT WARNING * * *
Fire: a) +1 sling (vorpal)
Press: ? - help, Q - select action, (/) - cycle Shift-Dir - straight line, f/p - Pikel
Aim: Pikel, wielding a +2 whip of freezing and wearing a +0 robe (heavily wounded, 53% to hit)
You shoot a sling bullet. The sling bullet hits Pikel.
Pikel is severely wounded.
Pikel hits you but does no damage.
Fire: a) +1 sling (vorpal)
Press: ? - help, Q - select action, (/) - cycle Shift-Dir - straight line, f/p - Pikel
Aim: Pikel, wielding a +2 whip of freezing and wearing a +0 robe (severely wounded, 53% to hit)
You shoot a sling bullet.
The sling bullet hits Pikel but does no damage.
Pikel is severely wounded.
Pikel hits you with a +2 whip of freezing!
* * * LOW HITPOINT WARNING * * *
Pikel freezes you.
* * * LOW HITPOINT WARNING * * *
Fire: a) +1 sling (vorpal)
Press: ? - help, Q - select action, (/) - cycle Shift-Dir - straight line, f/p - Pikel
Aim: Pikel, wielding a +2 whip of freezing and wearing a +0 robe (severely wounded, 53% to hit)
You shoot a sling bullet. The sling bullet closely misses Pikel.
The sling bullet barely misses the lemure.
Pikel hits you with a +2 whip of freezing.
* * * LOW HITPOINT WARNING * * *
Pikel freezes you.
You die...

###########
#5K♣.......
#.#########
.#.###.#........
#...>..........#
#....##.#.####.#
#......$..<..#
..................
.............#.#..
..#..##.###### #


You could see Pikel and a lemure.

Vanquished Creatures
  Ijyb (D:3)
  4 gnolls (D:2)
  2 adders
  3 worms
  2 dart slugs
  2 orcs (D:3)
  7 ball pythons
  9 bats
  2 endoplasms
  3 giant cockroaches
  6 hobgoblins
  9 kobolds
  2 quokkas
  4 frilled lizards
  3 goblins
  A rat (D:3)
60 creatures vanquished.

Notes
Turn   | Place    | Note
-------+----------+-------------------------------------------
     0 | D:1      | frimble the Demonspawn Arcane Marksman began the quest for
                  | the Orb.
     0 | D:1      | Reached XP level 1. HP: 15/15 MP: 2/2
   563 | D:1      | Gained mutation: Your demonic aura sometimes causes spilled
                  | blood to erupt in flames. [demonic ancestry]
   563 | D:1      | Reached XP level 2. HP: 21/21 MP: 3/3
   999 | D:1      | Found Pesom's Weapon Boutique.
  1299 | D:2      | Gained mutation: You have sharp fingernails. [demonic
                  | ancestry]
  1299 | D:2      | Reached XP level 3. HP: 18/27 MP: 4/4
  1670 | D:2      | Reached XP level 4. HP: 34/34 MP: 5/5
  2512 | D:3      | Noticed Ijyb
  2607 | D:3      | Killed Ijyb
  2765 | D:3      | Gained mutation: You have a somewhat thin skeletal
                  | structure. (Dex +2, Stealth+) [demonic ancestry]
  2765 | D:3      | Reached XP level 5. HP: 36/41 MP: 6/6
  3101 | D:4      | Found a runed translucent door.
  3105 | D:4      | Noticed Juicyj's ghost (amateur GnNe)
  3500 | D:4      | Noticed a lemure
  3500 | D:4      | Noticed a lemure
  3500 | D:4      | Noticed a lemure
  3500 | D:4      | Noticed Pikel
  3501 | D:4      | Noticed a lemure
  3505 | D:5      | Entered Level 5 of the Dungeon
  3545 | D:5      | HP: 1/61 [Pikel/+2 whip of freezing (5)]
  3545 | D:5      | Slain by Pikel

Illustrated notes

Levels and vault maps discovered:
D:1:      dpeg_arrival_boxes_within_box, layout_basic, serial_shops,
          nicolae_shop_bloodbath_and_beyond, corner_web_ring
D:2:      minmay_skewed_foursquare, layout_basic
D:3:      layout_loops_ring, uniq_ijyb
D:4:      layout_cave_pools, kennysheep_mini, ebering_ghost_reflecting_pool,
          hangedman_decor_clover_reticule, uniq_pikel
D:5:      layout_basic, minmay_temple_entry_ruins, portal_sewer_entry_e,
          nicolae_wormholes

Skill      XL: |  1  2  3  4 |
---------------+-------------+-----
Ranged Weapons | 2 3 |  3.6
Fighting       | 2 3 |  3.6
Dodging        | |  1.7
Spellcasting   | |  1.0
Hexes          | |  3.0

Action                   |  1- 3 |  4- 6 || total
-------------------------+-------+-------++-------
Melee: Unarmed           |       |    29 ||    29
 Fire: Sling             |   143 |   154 ||   297
Throw: Throwing net      |       |     1 ||     1
 Cast: Slow              |     1 |     1 ||     2
  Use: Scroll            |     1 |    11 ||    12
       Potion            |       |     5 ||     5
Armor: Robe              |    18 |       ||    18
       Skin              |       |    37 ||    37
       Ring mail         |       |    23 ||    23
Dodge: Dodged            |    58 |    52 ||   110
Block: Other             |    14 |    17 ||    31
       Reflection        |       |     1 ||     1

Table legend: (Time is in decaauts)
 A = Elapsed time spent in this place.
 B = Non-inter-level travel time spent in this place.
 C = Inter-level travel time spent in this place.
 D = Time resting spent in this place.
 E = Time spent auto-exploring this place.
 F = Levels seen in this place.
 G = Mean time per level.
                   A        B        C        D        E       F      G
               +--------+--------+--------+--------+--------+-----+--------+
         Total |   3618 |   3504 |    114 |     90 |   2778 |   5 |  723.6 |
       Dungeon |   3618 |   3504 |    114 |     90 |   2778 |   5 |  723.6 |
               +--------+--------+--------+--------+--------+-----+--------+

Top non-repeatable levels by time:
     D:1: 1067 daAuts
     D:2: 1016 daAuts
     D:3: 978 daAuts
     D:4: 509 daAuts
     D:5: 45 daAuts
